 Dungeon Crawl Stone Soup version 0.31-a0-331-geda263fcf1 (webtiles) character file.

Game seed: 13452423044771378462

158 mopl the Changeling (level 5, -1/36 HPs)
             Began as an Octopode Shapeshifter on July 19, 2023.
             Slain by Grinder (8 damage)
             ... on level 3 of the Dungeon.
             The game lasted 00:02:16 (1692 turns).

mopl the Changeling (Octopode Shapeshifter)         Turns: 1692, Time: 00:02:16

Health: -1/36      AC:  5    Str: 14    XL:     5   Next: 40%
Magic:  5/5        EV: 14    Int: 10    God:
Gold:   128        SH:  0    Dex: 15    Spells: 4/4 levels left

rFire   . .          .
                       - Unarmed
rCold   . . .        (no shield)
rNeg    . . .        (helmet currently unavailable)
rPois   .            k - amulet of regeneration
rElec   .            m - +4 ring of protection
rCorr   +            s - ring of resist corrosion
SInv    .            (no ring)
Will    .....        (no ring)
Stlth   ++           (no ring)
HPRegen 1.06/turn    (no ring)
MPRegen 0.09/turn    (no ring)
                     (no ring)

%: no passive effects
@: beast-form
A: beast (slay +2), almost no armour, amphibious, 8 rings, camouflage 1,
gelatinous body 1, (nimble swimmer 1), tentacles
a: Begin Untransformation


You were on level 3 of the Dungeon.
You were a hulking beast.
You visited 1 branch of the dungeon, and saw 3 of its levels.

You collected 128 gold pieces.

Inventory:

Missiles
 i - 6 boomerangs
 p - 6 boomerangs of dispersal
Jewellery
 k - an amulet of regeneration (around mantle)
 m - a +4 ring of protection (left tentacle)
 s - a ring of resist corrosion (right tentacle)
Talismans
 b - a beast talisman
Scrolls
 c - a scroll of acquirement {unknown}
 d - a scroll of enchant weapon {unknown}
 l - a scroll of amnesia {unknown}
 n - a scroll of revelation {unknown}
 o - a scroll of noise {unknown}
Potions
 a - a potion of lignification {!q}
 e - a potion of cancellation
 f - 2 potions of brilliance
 g - 2 potions of resistance
 h - 2 potions of curing {unknown}
 j - a potion of ambrosia
 r - a potion of berserk rage {!q}
 t - a potion of haste


   Skills:
 + Level 2.8 Fighting
 + Level 2.7 Dodging
 * Level 3.4 Unarmed Combat
 * Level 3.9 Shapeshifting


You had 4 spell levels left.
You didn't know any spells.
Your spell library was empty.

Dungeon Overview and Level Annotations

Branches:
Dungeon (3/15)

Altars:

Annotations:
D:3 Grinder


Innate Abilities, Weirdness & Mutations

You are a hulking beast.
Your limbs bulge with bestial killing power. (Slay +2)
You cannot wear most types of armour.
You are amphibious.
You can wear up to eight rings at the same time.
Your skin changes colour to match your surroundings (Stealth+).
Your rubbery body absorbs attacks. (AC +1, EV +1)
((You are camouflaged when in or above water. (Stealth+)))
You have tentacles for arms and can constrict up to eight enemies at once.


Message History

The gnoll is severely wounded.
The gnoll hits you but does no damage.
You tentacle-slap the gnoll.
You kill the gnoll!
You tentacle-slap the gnoll. You grab the gnoll. You squeeze the gnoll!
You kill the gnoll!
No target in view!
No target in view!
Things that are here:
a +0 flail; a +0 club; a gnoll corpse Grinder comes into view.
Grinder shouts!
Grinder blinks!
Grinder gestures at you. Pain shoots through your body! Grinder hits you.
You writhe in agony.
You are too injured to fight recklessly!
You are too injured to fight recklessly!
You tentacle-slap Grinder. You grab Grinder.
Grinder is lightly wounded.
You constrict Grinder. Grinder gestures at you.
You barely resist. You tentacle-slap Grinder.
Grinder is moderately wounded.
You constrict Grinder.
Grinder struggles to blink free from constriction.
You tentacle-slap Grinder.
Grinder is moderately wounded.
You constrict Grinder. Grinder hits you!
You writhe in agony.
* * * LOW HITPOINT WARNING * * *
You tentacle-slap Grinder.
Grinder is heavily wounded.
You constrict Grinder. Grinder gestures at you.
You barely resist. You completely miss Grinder.
Grinder is heavily wounded.
You constrict Grinder. Grinder hits you!
You die...

#.# #.# #.#
#.########.# #.#
#....).....# #.#
#########..# #.#
#..############.#
#........!......#
#.###############
##########.#
.........h.#
##########5# ###


You could see Grinder.

Vanquished Creatures
  An orc priest (D:2)
  An orc wizard (D:3)
  3 gnolls (D:3)
  An adder (D:3)
  2 worms (D:2)
  2 dart slugs
  3 orcs
  4 ball pythons
  2 endoplasms (D:1)
  4 giant cockroaches
  4 goblins
  8 hobgoblins
  2 quokkas
  6 bats
  4 frilled lizards
  5 kobolds
  6 rats
58 creatures vanquished.

Notes
Turn   | Place    | Note
-------+----------+-------------------------------------------
     0 | D:1      | mopl the Octopode Shapeshifter began the quest for the Orb.
     0 | D:1      | Reached XP level 1. HP: 14/14 MP: 1/1
    93 | D:1      | Reached XP level 2. HP: 19/19 MP: 2/2
   284 | D:1      | Reached XP level 3. HP: 24/24 MP: 3/3
  1133 | D:3      | Reached XP level 4. HP: 30/30 MP: 4/4
  1285 | D:2      | Reached skill level 3 in Unarmed Combat
  1308 | D:3      | Reached XP level 5. HP: 11/35 MP: 5/5
  1682 | D:3      | Noticed Grinder
  1692 | D:3      | Slain by Grinder

Illustrated notes

Levels and vault maps discovered:
D:1:      lightli_arrival_statuegarden, layout_loops_ring
D:2:      layout_basic, serial_glass, glass_columns_b, glass_columns_b,
          glass_columns_a, glass_columns_c, glass_columns_b, glass_columns_a
D:3:      layout_basic, mainiacjoe_overflow_alcove_2,
          nicolae_ecumenical_lake_church, minmay_close_crescents, uniq_grinder

Skill      XL: |  1  2  3  4 |
---------------+-------------+-----
Unarmed Combat | 3 |  3.4
Fighting       | |  2.8
Dodging        | |  2.7
Shapeshifting  | |  3.9

Action                     |  1- 3 |  4- 6 || total
---------------------------+-------+-------++-------
  Melee: Unarmed           |    67 |    56 ||   123
         Tentacles         |    13 |     6 ||    19
         Constrict         |    21 |    10 ||    31
         Punch             |     3 |     1 ||     4
    Use: Scroll            |     4 |     4 ||     8
         Potion            |     1 |       ||     1
   Stab: Sleeping          |    13 |     1 ||    14
 Armour: Skin              |     3 |    18 ||    21
  Dodge: Dodged            |    35 |    18 ||    53

Table legend: (Time is in decaauts)
 A = Elapsed time spent in this place.
 B = Non-inter-level travel time spent in this place.
 C = Inter-level travel time spent in this place.
 D = Time resting spent in this place.
 E = Time spent auto-exploring this place.
 F = Levels seen in this place.
 G = Mean time per level.
                   A        B        C        D        E       F      G
               +--------+--------+--------+--------+--------+-----+--------+
         Total |   1687 |   1654 |     33 |    136 |   1160 |   3 |  562.3 |
       Dungeon |   1687 |   1654 |     33 |    136 |   1160 |   3 |  562.3 |
               +--------+--------+--------+--------+--------+-----+--------+

Top non-repeatable levels by time:
     D:2: 639 daAuts
     D:1: 623 daAuts
     D:3: 425 daAuts
